 Dungeon Crawl Stone Soup version 0.28.0-49-g6dfe1f597d (webtiles) character file.

Game seed: 13303881886164729798

846 Atelerd the Digger (level 8, -9/48 HPs)
             Began as an Octopode Earth Elementalist on May 14, 2022.
             Killed from afar by an orc wizard (11 damage)
             ... with a puff of flame
             ... on level 5 of the Dungeon.
             The game lasted 00:05:23 (4795 turns).

Atelerd the Digger (Octopode Earth Elementalist)    Turns: 4795, Time: 00:05:24

Health: -9/48      AC:  1    Str:  8    XL:     8   Next: 0%
Magic:  8/15       EV: 13    Int: 19    God:
Gold:   243        SH:  0    Dex: 12    Spells: 12/17 levels left

rFire   . . .      SeeInvis .   o - +2 short sword (drain)
rCold   . . .      Faith    .   (no shield)
rNeg    . . .      Spirit   .   (helmet restricted)
rPois   .          Reflect  .   i - amulet of the acrobat
rElec   .          Harm     .   (no ring)
rCorr   .          Rampage  .   (no ring)
Will    .....                   (no ring)
Stlth   +++.......              (no ring)
HPRegen 0.16/turn               (no ring)
MPRegen 0.14/turn               (no ring)
                                (no ring)
                                (no ring)

@: no status effects
A: almost no armour, amphibious, 8 rings, camouflage 1, gelatinous body 1,
(nimble swimmer 1), tentacles
a: no special abilities


You were on level 5 of the Dungeon.
You visited 1 branch of the dungeon, and saw 5 of its levels.

You collected 243 gold pieces.

Inventory:

Hand Weapons
 o - a +2 short sword of draining (weapon)
Missiles
 b - 26 stones
Jewellery
 d - an amulet of regeneration
 i - an amulet of the acrobat (around mantle)
Wands
 s - a wand of polymorph (9)
Scrolls
 a - 2 scrolls of silence {unknown}
 c - 2 scrolls of enchant armour
 e - a scroll of fear {unknown}
 g - 2 scrolls of teleportation
 j - 4 scrolls of enchant weapon
 l - a scroll of torment
 n - a scroll of vulnerability
Potions
 f - a potion of resistance {unknown}
 h - 2 potions of haste {unknown}
 k - a potion of attraction
 m - a potion of mutation {unknown}
 p - a potion of degeneration {unknown}
 q - 3 potions of curing {unknown}
 r - a potion of lignification {unknown}


   Skills:
 - Level 1.4 Fighting
 - Level 0.9 Short Blades
 - Level 0.2 Polearms
 - Level 2.0 Dodging
 - Level 2.6 Stealth
 - Level 0.2 Unarmed Combat
 + Level 5.1 Spellcasting
 * Level 4.0 Transmutations
 + Level 5.9 Earth Magic


You had 12 spell levels left.
You knew the following spells:

 Your Spells              Type           Power      Damage    Failure   Level
a - Sandblast             Erth           54%        2d13      1%          1
p - Petrify               Tmut/Erth      23%        N/A       16%         4

Your spell library contained the following spells:

 Spells                   Type           Power      Damage    Failure   Level
 Passwall                 Tmut/Erth      19%        N/A       2%          2
 Stone Arrow              Conj/Erth      32%        3d9       11%         3
 Frozen Ramparts          Ice            8%         1d2       36%         3
 Gell's Gravitas          Tloc           4%         N/A       36%         3
 Lesser Beckoning         Tloc           4%         N/A       36%         3
 Teleport Other           Tloc           4%         N/A       36%         3
 Ice Form                 Ice/Tmut       12%        N/A       47%         4
 Summon Ice Beast         Ice/Summ       4%         N/A       77%         4
 Dispersal                Tloc           2%         N/A       100%        6


Dungeon Overview and Level Annotations

Branches:
Dungeon (5/15)
 Temple: D:4-7

Altars:
Xom

Shops:
D:1 *

Annotations:
D:2 exclusion: 2 downstairs


Innate Abilities, Weirdness & Mutations

You cannot wear most types of armour.
You are amphibious.
You can wear up to eight rings at the same time.
Your skin changes colour to match your surroundings (Stealth+).
Your rubbery body absorbs attacks. (AC +1, EV +1)
((You are camouflaged when in or above water. (Stealth+)))
You have tentacles for arms and can constrict up to eight enemies at once.


Message History

The water moccasin zombie is almost destroyed.
You feel sick.
A centaur comes into view.
Something unseen breaks down the door.
The water moccasin zombie bites you.
The howler monkey hoots and howls with incredible vigour!
The centaur shouts!
The blast of sand misses the water moccasin zombie.
You feel sick.
A hound comes into view.
The water moccasin zombie bites you.
Unknown command.
You are too injured to fight recklessly!
Unknown command.
You are too injured to fight recklessly!
Casting: Sandblast (safe; 1% risk of failure)
Confirm with . or Enter, or press ? or * to list all spells.
Aiming: Sandblast (safe; 1% risk of failure)
Press: ? - help, Shift-Dir - straight line, f/p - water moccasin zombie
Aim: a water moccasin zombie (almost destroyed, 81% to hit)
The blast of sand misses the water moccasin zombie.
You feel sick. The water moccasin zombie bites you.
Unknown command.
Casting: Sandblast (safe; 1% risk of failure)
Confirm with . or Enter, or press ? or * to list all spells.
Aiming: Sandblast (safe; 1% risk of failure)
Press: ? - help, Shift-Dir - straight line, f/p - water moccasin zombie
Aim: a water moccasin zombie (almost destroyed, 81% to hit)
The blast of sand hits the water moccasin zombie!
You destroy the water moccasin zombie!
You feel sick.
You are no longer poisoned.
The howler monkey hits you!
* * * LOW HITPOINT WARNING * * *
The centaur wields a +0 shortbow.
The centaur shoots an arrow.
The arrow hits you!
* * * LOW HITPOINT WARNING * * *
You hear some strange, mumbled words.
A puff of flame appears from out of thin air!
The puff of flame hits you!
You die...

# ..# # #.# # ###.######
## # #.......#. .# #.#
#.......#.#. . ..#
#.......#..# ..#
#####.......##[# #...#
...............##+.....+
##..#.......#.#.@h#
##..#...........#.#
.#..#.......###.#{#
.#..#.......# .o#c#
.#..#.......#.#..h#
.#..#.......#..##'.
.#..#........ . #.
.#..#........ . .
.............


You could see a centaur, a howler monkey, a hound and an orc.

Vanquished Creatures
  A sky beast (D:5)
  4 scorpions
  2 water moccasin zombies (D:5)
  A howler monkey (D:4)
  4 crimson imps (D:3)
  A centaur zombie (D:4)
  An orc priest (D:3)
  A killer bee zombie (D:4)
  A hound skeleton (D:4)
  A howler monkey skeleton (D:4)
  9 adders
  An ufetubus (D:5)
  An adder skeleton (D:5)
  A worm (D:4)
  3 dart slugs
  8 orcs
  4 endoplasms
  9 giant cockroaches
  8 goblins
  3 hobgoblins
  4 jackals (D:2)
  8 quokkas
  7 ball pythons
  2 bats
  5 frilled lizards
  8 kobolds
  4 rats
102 creatures vanquished.

Vanquished Creatures (others)
  A plant (D:4)
1 creature vanquished.

Grand Total: 103 creatures vanquished

Notes
Turn   | Place    | Note
-------+----------+-------------------------------------------
     0 | D:1      | Atelerd the Octopode Earth Elementalist began the quest for
                  | the Orb.
     0 | D:1      | Reached XP level 1. HP: 11/11 MP: 3/3
   199 | D:1      | Reached XP level 2. HP: 10/17 MP: 1/5
   384 | D:1      | Found Uzuchocs's General Store.
   842 | D:2      | Reached XP level 3. HP: 21/21 MP: 4/6
  1367 | D:2      | Reached XP level 4. HP: 27/27 MP: 6/8
  1685 | D:2      | Found a faded altar of an unknown god.
  2597 | D:3      | Reached skill level 1 in Fighting
  2597 | D:3      | Reached XP level 5. HP: 21/33 MP: 7/9
  2854 | D:3      | Found a shimmering altar of Xom.
  2981 | D:3      | Reached XP level 6. HP: 34/38 MP: 7/11
  3118 | D:3      | Reached skill level 5 in Earth Magic
  3687 | D:4      | Reached XP level 7. HP: 15/43 MP: 7/13
  4043 | D:4      | Learned a level 4 spell: Petrify
  4390 | D:5      | Entered Level 5 of the Dungeon
  4557 | D:5      | Reached skill level 5 in Spellcasting
  4790 | D:5      | Reached XP level 8. HP: 37/48 MP: 13/15
  4795 | D:5      | HP: 2/48 [centaur/arrow (9)]
  4795 | D:5      | Killed from afar by an orc wizard

Illustrated notes

Levels and vault maps discovered:
D:1:      nzn_arrival_depleted_hourglass, layout_rooms, serial_shops,
          nicolae_shop_temple_entry_statues_fountains, hangedman_decor_growths,
          minmay_misc_feat_doors
D:2:      layout_basic, hellmonk_ecumenical_altar_leap_of_faith
D:3:      cheibrodos_helix_gallery, layout_rooms, led_xom_imps, minmay_cut_off
D:4:      layout_cave_pods, guppyfry_early_lair_pool
D:5:      layout_basic, lightli_sewer_entry_pipes,
          minmay_fractal_squares_diagonal_5

Skill      XL: |  1  2  3  4  5  6  7 |
---------------+----------------------+-----
Earth Magic    | 4 5 |  5.9
Spellcasting   | 3 4 5 |  5.1
Fighting       | 1 |  1.4
Transmutations | 4 |  4.0
Short Blades   | |  0.9
Polearms       | |  0.2
Dodging        | |  2.0
Stealth        | |  2.6
Unarmed Combat | |  0.2

Action                   |  1- 3 |  4- 6 |  7- 9 || total
-------------------------+-------+-------+-------++-------
Melee: Unarmed           |     6 |       |       ||     6
       Constrict         |    11 |    13 |     7 ||    31
       Tentacles         |     5 |    10 |    11 ||    26
       Spear             |    25 |       |       ||    25
       Dagger            |    18 |    11 |       ||    29
       Punch             |     2 |       |     1 ||     3
       Short sword       |       |    27 |    30 ||    57
 Cast: Sandblast         |    30 |    68 |    24 ||   122
       Petrify           |       |       |     3 ||     3
  Use: Scroll            |       |     2 |     4 ||     6
       Potion            |       |     1 |     2 ||     3
 Stab: Sleeping          |     7 |     3 |     2 ||    12
       Distracted        |       |     1 |       ||     1
       Petrified         |       |       |    14 ||    14
Armor: Skin              |     2 |     5 |     2 ||     9
Dodge: Dodged            |    33 |    69 |    35 ||   137
